Map: Сумеречные башни

Players

NextRim - Winner!

  • Race: Protoss Protoss
  • League: Diamond

wtfisHedOing

  • Race: Terran Terran
  • League: Platinum

VOD

Have the link to the VOD?

Description

Time

  • Played on: Nov. 12, 2015, 10:04 a.m.
  • Length: 13:12
Show
View Real Time Build Order
Export as new Build Order

NextRim Protoss - Winner!

Build Orders: Zealot Archon 

Get SALT Encoding   

  12  0:02  Probe (Chrono Boost)  
  13  0:13  Probe (Chrono Boost)  
  14  0:20  Pylon  
  14  0:23  Probe (Chrono Boost)  
  15  0:38  Probe (Chrono Boost)  
  15  0:39  Gateway  
  16  0:48  Assimilator  
  16  0:49  Probe (Chrono Boost)  
  17  0:54  Assimilator  
  17  0:59  Probe (Chrono Boost)  
  18  1:09  Gateway  
  18  1:12  Probe (Chrono Boost)  
  19  1:23  Probe (Chrono Boost)  
  20  1:26  Cybernetics Core  
  20  1:34  Probe (Chrono Boost)  
  21  1:41  Pylon  
  21  1:44  Probe (Chrono Boost)  
  22  1:55  Probe (Chrono Boost)  
  23  2:04  Adept x2  
  23  2:05  Warp Gate (Chrono Boost)  
  23  2:07  Mothership Core (Chrono Boost)  
  29  2:18  Pylon  
  29  2:50  Nexus  
  29  2:53  Pylon  
  29  2:55  Pylon  
  29  2:58  Probe  
  30  3:16  Probe  
  31  3:21  Robotics Facility  
  31  3:28  Probe  
  32  3:40  Probe  
  33  3:52  Probe  
  34  3:57  Forge, Pylon  
  34  4:04  Probe  
  34  4:07  Probe  
  34  4:23  Protoss Ground Armor Level 1  
  34  4:25  Probe  
  34  4:27  Probe  
  34  4:29  Observer  
  35  4:32  Stalker x2  
  35  4:35  Gateway  
  35  4:36  Probe  
  35  4:37  Twilight Council, Gateway  
  40  4:43  Photon Cannon  
  40  4:47  Probe (Chrono Boost)  
  41  4:57  Probe (Chrono Boost)  
  41  4:58  Probe (Chrono Boost)  
  43  5:00  Immortal  
  47  5:08  Probe (Chrono Boost)  
  47  5:09  Probe (Chrono Boost)  
  49  5:14  Assimilator  
  49  5:18  Probe (Chrono Boost)  
  49  5:19  Probe (Chrono Boost), Assimilator  
  51  5:24  Templar Archives  
  51  5:26  Blink (Chrono Boost)  
  51  5:30  Probe x2  
  53  5:40  Pylon  
  53  5:42  Probe  
  54  5:45  Warp Prism  
  54  5:47  Probe  
  57  5:50  Pylon  
  57  5:54  Probe  
  57  5:55  Pylon  
  58  6:01  Psionic Storm  
  58  6:11  Protoss Ground Weapons Level 1  
  58  6:13  Adept x3  
  58  6:15  Adept  
  66  6:36  High Templar  
  66  6:37  High Templar  
  66  6:38  High Templar  
  72  6:40  Nexus  
  72  6:48  Archon  
  72  7:02  High Templar  
  72  7:07  Nexus  
  74  7:13  Adept  
  74  7:14  Adept x2  
  74  7:31  Probe x2  
  66  7:46  Probe x2, Robotics Bay  
  66  7:47  Robotics Facility  
  68  7:53  Pylon  
  68  7:55  Pylon  
  68  7:56  High Templar x2  
  68  7:57  Pylon  
  68  7:58  Probe x2  
  74  8:05  Pylon  
  74  8:06  Protoss Ground Armor Level 2  
  74  8:10  Probe x2  
  76  8:22  Probe  
  76  8:27  Archon  
  67  8:35  Colossus  
  67  8:37  Colossus  
  73  8:43  Probe x2  
  73  8:47  Assimilator  
  81  8:51  Assimilator  
  81  9:00  Extended Thermal Lance (Chrono Boost)  
  81  9:12  Probe  
  81  9:13  Probe x2  
  81  9:16  Adept x4  
  92  9:25  Probe x2  
  92  9:28  Colossus  
  92  9:29  Colossus  
  106  9:51  Nexus  
  106  9:53  Pylon  
  106  9:55  Stalker x2  
  106  9:56  Stalker x2  
  114  10:15  Pylon  
  114  10:16  Gateway, Colossus x2  
  114  10:17  Pylon  
  114  10:18  Gateway  
  114  10:21  Gateway  
  114  10:24  Gateway  
  126  10:34  Protoss Ground Weapons Level 2 (Chrono Boost)  
  126  10:39  Photon Cannon  
  126  10:43  Pylon  
  126  10:44  High Templar x2  
  130  10:52  Stalker x2  
  134  11:17  Stalker x2  
  150  11:18  Zealot x3  
  150  11:19  Zealot x2  
  150  11:24  Probe  
  150  11:25  Probe x3  
  162  11:28  Assimilator  
  164  11:34  Immortal x2, Assimilator  
  160  11:40  Probe  
  160  11:41  Probe x3  
  160  11:45  High Templar x2  
  168  11:50  Probe  
  168  11:53  Probe x2  
  171  11:56  Forge  
  171  11:59  Probe  
  171  12:01  Probe  
  172  12:05  Probe x2  
  175  12:08  Immortal x2  
  175  12:11  Probe  
  184  12:21  Zealot  
  184  12:22  Zealot x5  
Show
View Real Time Build Order
Export as new Build Order

wtfisHedOing Terran 

Build Orders: Command Center First (CC) 

Get SALT Encoding   

  12  0:01  SCV  
  13  0:13  SCV  
  14  0:17  Supply Depot  
  14  0:25  SCV  
  15  0:39  SCV  
  16  0:51  SCV  
  17  1:03  SCV  
  18  1:05  Command Center  
  18  1:16  Barracks  
  18  1:17  SCV  
  19  1:24  Refinery  
  19  1:29  SCV  
  19  1:32  Refinery  
  20  1:41  SCV  
  21  1:53  SCV  
  22  2:03  Supply Depot  
  22  2:06  SCV  
  23  2:16  Orbital Command, Marine  
  23  2:20  Orbital Command  
  24  2:31  Factory  
  24  2:37  Marine  
  24  2:42  SCV  
  26  2:45  SCV  
  27  2:55  Marine  
  27  2:57  Supply Depot  
  28  3:01  Factory  
  28  3:04  SCV x2  
  30  3:14  Marine  
  30  3:15  Factory Tech Lab  
  29  3:32  SCV, Marine  
  29  3:33  SCV, Bunker  
  32  3:35  Supply Depot  
  32  3:36  Cyclone  
  34  3:46  Factory Reactor  
  32  3:58  Marine  
  32  3:59  SCV x2  
  32  4:30  Cyclone, Hellion x2  
  39  4:32  Command Center  
  39  4:34  Supply Depot, SCV x2  
  39  4:35  Armory  
  39  4:37  Factory  
  41  4:41  Barracks Reactor  
  41  4:46  SCV  
  42  4:53  Infernal Pre-Igniter  
  42  4:55  Hellion x2  
  42  4:57  SCV  
  42  4:58  SCV  
  48  5:04  Hellion  
  50  5:18  Factory  
  50  5:19  SCV x2  
  52  5:21  Engineering Bay  
  52  5:31  SCV x2, Supply Depot  
  52  5:35  Barracks Tech Lab  
  54  5:36  Supply Depot  
  54  5:40  Refinery  
  54  5:41  Refinery  
  54  5:43  SCV x2  
  54  5:47  Cyclone  
  59  5:55  SCV x2  
  61  6:01  Hellion  
  61  6:02  Hellion x3  
  69  6:12  Cyclone  
  69  6:14  SCV  
  69  6:16  SCV  
  74  6:20  Hellion  
  74  6:22  Orbital Command  
  74  6:23  Hellion  
  78  6:26  SCV  
  78  6:28  SCV  
  80  6:36  Missile Turret  
  80  6:38  Supply Depot  
  80  6:39  Supply Depot  
  80  6:41  Hellion  
  82  6:55  SCV x3  
  82  6:57  Hellion x3  
  82  6:59  Hellion  
  93  7:02  Hellion  
  93  7:07  Refinery, Missile Turret  
  93  7:08  SCV, Refinery  
  84  7:33  SCV x3  
  80  7:45  SCV  
  80  7:51  Missile Turret  
  81  7:52  SCV x2, Missile Turret  
  81  7:57  SCV  
  81  7:58  Missile Turret  
  84  8:03  Terran Vehicle Weapons Level 1  
  84  8:04  SCV x2  
  86  8:09  SCV  
  86  8:10  Armory  
  87  8:16  SCV x2  
  89  8:21  SCV  
  73  8:28  SCV  
  56  8:41  Cyclone x2, Hellion  
  59  8:42  Hellion x3  
  59  8:44  SCV x3  
  70  9:01  Terran Vehicle And Ship Armor Level 1, Factory  
  70  9:02  Barracks Tech Lab, Factory  
  70  9:13  Siege Tank x2  
  70  9:14  SCV x3  
  79  9:22  Hellion x2  
  83  9:26  SCV x3  
  86  9:34  Missile Turret  
  86  9:43  Missile Turret  
  86  9:46  SCV x3  
  86  9:47  Missile Turret  
  86  9:48  Factory Tech Lab  
  89  9:56  Hellion x2  
  89  9:57  Siege Tank x2  
  89  9:58  Hellion x2  
  103  10:02  Thor  
  109  10:08  Thor  
  115  10:22  Command Center  
  115  10:29  Terran Vehicle Weapons Level 2, Cyclone x2  
  115  10:32  Hellion  
  123  10:36  SCV  
  123  10:37  SCV x2  
  126  10:45  Hellion x3  
  132  10:55  Supply Depot  
  132  10:57  Supply Depot  
  132  10:59  Supply Depot  
  132  11:05  Cyclone x3  
  141  11:15  Supply Depot  
  141  11:16  Supply Depot, Cyclone  
  141  11:17  Hellion x2  
  148  11:20  Hellion  
  148  11:21  Hellion  
  152  11:26  Supply Depot  
  152  11:35  Starport x2  
  152  11:37  Planetary Fortress, Missile Turret  
  152  11:44  SCV x3  
  155  11:51  Siege Tank x2  
  161  11:55  Siege Tank  
  164  12:02  Hellion x2  
  164  12:04  Hellion  
  164  12:05  SCV  
  164  12:06  SCV  
  164  12:08  SCV  
  173  12:11  Hellion  
  175  12:22  Thor  
  179  12:23  Thor  
  179  12:26  SCV x3  
  179  12:27  SCV  
  150  12:50  Hellion x4  
Tags
 
Add a new tag
Caveats
  • Supply blocks, unpowered buildings, or Contaminate may cause inaccurate times.
  • Supply counts are checked every 10 seconds.